 Dungeon Crawl Stone Soup version 0.20-a0-454-g2b43fbb (webtiles) character file.

55083 HallandMoats the Fighter (level 14, -2/130 HPs)
             Began as a Minotaur Fighter on Jan 8, 2017.
             Was a Priest of Cheibriados.
             Slain by an ogre
             ... wielding a +0 giant spiked club
              (15 damage)
             ... while paralysed by a wizard
             ... on level 15 of the Dungeon.
             The game lasted 00:34:09 (13837 turns).

HallandMoats the Fighter (Minotaur Fighter)        Turns: 13837, Time: 00:34:09

Health: -2/130     AC: 15    Str: 28    XL:     14   Next: 37%
Magic:  5/16       EV:  2    Int: 19    God:    Cheibriados [***...]
Gold:   548        SH:  0    Dex: 28    Spells: 12/13 levels left

rFire  + . .     SeeInvis .     b - +6 mace of Reinforcement {protect, Dex+4}
rCold  . . .     Gourm    .     P - +0 leather armour of the Kettle-Drum {MR- Int+6 Slay+2} (curse)
rNeg   . . .     Faith    .     c - +0 shield
rPois  .         Spirit   .     (helmet restricted)
rElec  .         Reflect  .     (no cloak)
rCorr  .         Harm     .     E - +0 pair of gloves
MR     .....                    (no boots)
Stlth  +++.......               A - amulet of regeneration
                                (no ring)
                                O - ring of protection from fire

@: paralysed, protection aura, non-regenerating, mildly diseased, very slow
A: retaliatory headbutt, horns 2, thin metallic scales 1, low mp 1, mutation
resistance 1
a: Bend Time, Temporal Distortion, Renounce Religion


You were on level 15 of the Dungeon.
You worshipped Cheibriados.
Cheibriados was most pleased with you.
You were very hungry.

You visited 1 branch of the dungeon, and saw 15 of its levels.
You visited the Abyss 1 time.

You collected 1135 gold pieces.
You spent 587 gold pieces at shops.

Inventory:

Hand Weapons
 a - a +1 broad axe
 b - the +6 mace of Reinforcement (weapon) {protect, Dex+4}
   (You found it on level 8 of the Dungeon)

   It protects the one who uses it against injury (+AC on strike).
   It affects your dexterity (+4).
 J - the cursed +0 dagger of the Vendetta {pierce, rN+}
   (You found it on level 9 of the Dungeon)

   It inflicts extra damage upon your enemies.
   It protects you from negative energy.
   It has a curse placed upon it.
 K - a +1 scimitar of flaming
 Z - the +4 short sword of Orharorch {pierce, MR++ MP+9 Str-3}
   (You found it on level 15 of the Dungeon)

   It inflicts extra damage upon your enemies.
   It affects your strength (-3).
   It affects your resistance to hostile enchantments.
   It affects your magic capacity (+9).
Armour
 c - a +0 shield (worn)
 m - the -4 pair of gloves of Zeidomee {MP+9 Str+3 Stlth+}
   (You bought it in a shop on level 4 of the Dungeon)

   It affects your strength (+3).
   It affects your magic capacity (+9).
   It makes you more stealthy.
 n - a +2 leather armour of positive energy
 E - a +0 pair of gloves (worn)
 G - the +0 leather armour of the Final Stars {rElec rCorr SInv Stlth-}
   (You bought it in a shop on level 4 of the Dungeon)

   It insulates you from electricity.
   It lets you see invisible.
   It protects you from acid and corrosion.
   It makes you less stealthy.
 P - the cursed +0 leather armour of the Kettle-Drum (worn) {MR- Int+6 Slay+2}
   (You bought it in a shop on level 4 of the Dungeon)

   It affects your intelligence (+6).
   It affects your accuracy and damage with ranged weapons and melee attacks
   (+2).
   It affects your resistance to hostile enchantments.
   It has a curse placed upon it.
 W - a +0 troll leather armour
Jewellery
 A - an amulet of regeneration (around neck)
 I - an uncursed amulet of harm
 O - a ring of protection from fire (left hand)
Wands
 u - a wand of paralysis (14/24)
Scrolls
 d - 3 scrolls of recharging {unknown}
 e - a scroll of blinking {unknown}
 h - 8 scrolls of remove curse
 k - a scroll of enchant armour {unknown}
 o - a scroll of identify
 p - 3 scrolls of fog {unknown}
 q - 7 scrolls of teleportation
 s - a scroll of vulnerability {unknown}
 v - 6 scrolls of magic mapping
 z - 2 scrolls of enchant weapon
 C - a scroll of silence {unknown}
 L - 2 scrolls of amnesia {unknown}
 N - a scroll of fear {unknown}
 Q - a scroll of random uselessness {unknown}
 T - 2 scrolls of noise {unknown}
 V - a scroll of summoning {unknown}
Potions
 g - 3 potions of heal wounds
 i - 2 potions of flight
 t - a potion of curing
 w - 4 potions of might
 x - 2 potions of agility
 B - a potion of resistance
 H - a potion of lignification
 U - a potion of cancellation
 X - a potion of ambrosia
Books
 y - a book of Summonings

   Spells                             Type                      Level
   a - Recall                         Summoning/Translocation      3
   b - Aura of Abjuration             Summoning                    5
   c - Summon Demon                   Summoning                    5
   d - Summon Forest                  Summoning/Translocation      5
   e - Summon Mana Viper              Hexes/Summoning              5
   f - Shadow Creatures               Summoning                    6
 D - a book of Power

   Spells                             Type                      Level
   a - Fulminant Prism                Conjuration/Hexes            4
   b - Iskenderun's Mystic Blast      Conjuration                  4
   c - Venom Bolt                     Conjuration/Poison           5
   d - Bolt of Magma                  Conjuration/Fire/Earth       5
   e - Iron Shot                      Conjuration/Earth            6
   f - Orb of Destruction             Conjuration                  7
   g - Spellforged Servitor           Conjuration/Summoning        7
 S - a book of Minor Magic

   Spells                             Type                      Level
   a - Magic Dart                     Conjuration                  1
   b - Blink                          Translocation                2
   c - Call Imp                       Summoning                    2
   d - Repel Missiles                 Charms/Air                   2
   e - Slow                           Hexes                        2
   f - Conjure Flame                  Conjuration/Fire             3
   g - Mephitic Cloud                 Conjuration/Poison/Air       3
Comestibles
 f - 11 bread rations
 j - 7 meat rations
 l - 6 beef jerkies
 F - 8 fruits
 R - a slice of pizza
 Y - a royal jelly


   Skills:
 * Level 13.9 Fighting
 * Level 13.6 Axes
 * Level 13.5 Armour
 * Level 12.3 Dodging
 * Level 2.6 Stealth
 - Level 6.1 Shields
 + Level 7.1 Invocations
 + Level 6.6 Evocations


You had 12 spell levels left.
You knew the following spells:

 Your Spells              Type           Power        Failure   Level  Hunger
a - Magic Dart            Conj           #...         73%         1    ##.....


Dungeon Overview and Level Annotations

Branches:
Dungeon (15/15)            Temple (0/1) D:7            Lair (0/6) D:10
    Orc (0/2) D:9          Vaults (0/5) D:14
 Depths: D:15

Altars:
Cheibriados
Dithmenos
Elyvilon
Fedhas
Gozag
Hepliaklqana
Kikubaaqudgha
Nemelex Xobeh
Qazlal
Sif Muna
Trog

Shops:
D:4 [:   D:6 %   D:10 }   D:12 (%   D:15 [

Portals:
Trove: D:14 (give Necronomicon)


Innate Abilities, Weirdness & Mutations

You reflexively headbutt those who attack you in melee.
You have a pair of horns on your head.
You are partially covered in thin metallic scales. (AC +2)
You are somewhat resistant to further mutation.
[Your magical capacity is low. (-10% MP)]


Message History

You block the wizard's attack.
An ogre comes into view. It is wielding a giant spiked club.
The ogre shouts!
You sock the wizard! You headbutt the wizard.
The wizard is almost dead.
You hear two shouts!
You hear a shout!
The wizard becomes larger for a moment.
The wizard casts a spell at you.
You suddenly lose the ability to move!
The wizard casts a spell at you.
Helpless, you fail to dodge the orb of energy.
* * * LOW HITPOINT WARNING * * *
The orb of energy explodes!
You hear a shout!
The ogre hits you with a giant spiked club.
* * * LOW HITPOINT WARNING * * *
The wizard casts a spell.
The wizard blinks!
The ogre hits you with a giant spiked club!
You die...

#.................#####..#.....
#.................'...#..'.####
#.......###'###..)#...#..#.#...
#......##.....##..#...#.##.#...
#.....##...)[..##(#...#.#..'...
###.....#..#####..#.#...#.#..#...
.∩......#.. #..#.+...#.#..'...
........#. #..#.#...#.#..#...
#######.# #@)#.#...#.#..#### #.#
#§O#(#####.#......
#.##......p##.......######'
#..##.O...##...............
#...#######................
###..........................
..............................
#############.....).........##
#........)......#


You could see a wizard and an ogre.

Vanquished Creatures
  A tentacled starspawn (Abyss:2)
  Azrael (D:12)
  Snorg (D:10)
  2 slime creatures (D:13)
  A vault guard (D:14)
  5 hydras
  Erica (D:9)
  8 two-headed ogres
  7 centaur warriors
  4 tengu warriors
  A thrashing horror (Abyss:2)
  A wretched star (Abyss:2)
  Sonja (D:10)
  An unseen horror (D:10)
  3 wizards (D:15)
  2 wolf spider zombies
  2 deep elf magi (D:15)
  4 cyclopes
  8 ugly things
  3 manticores
  The ghost of HallandMoats the Covered, a novice GrFi (D:5)
  A rust devil (Abyss:2)
  Psyche (D:9)
  A kobold demonologist (D:15)
  A komodo dragon (D:15)
  An ancient zyme (Abyss:2)
  A troll (shapeshifter) (D:14)
  4 yaktaurs (D:15)
  2 tengu conjurers (D:15)
  3 meliai (D:13)
  5 trolls
  2 raiju (Abyss:2)
  5 hippogriffs
  Sigmund (D:4)
  A spriggan (D:8)
  A vampire (D:14)
  2 wraiths
  A wyvern (D:7)
  4 yaks (D:11)
  A basilisk (D:13)
  3 fire elementals (D:12)
  3 hungry ghosts
  A warg (D:9)
  2 water moccasins
  5 hell hounds (D:12)
  16 orc warriors
  4 sky beasts
  5 eyes of draining
  3 phantoms
  2 ice beasts
  3 black bears
  5 ogres
  2 necrophages
  3 boggarts (D:15)
  28 centaurs
  2 crocodiles
  3 big kobolds
  15 bullfrogs
  2 wyvern zombies
  2 wyvern skeletons
  3 scorpions
  3 killer bees (D:7)
  4 wights (D:11)
  7 howler monkeys
  2 bullfrog zombies
  8 crimson imps
  4 centaur zombies
  3 quasits
  5 hounds
  7 jellies
  14 orc priests
  23 orc wizards
  2 centaur skeletons
  An iron imp (Abyss:2)
  3 iguanas
  13 worker ants
  A killer bee zombie (D:7)
  2 hound zombies
  2 hound skeletons
  2 worker ant zombies (D:5)
  Robin (D:2)
  11 adders
  4 gnolls (D:10)
  2 shadow imps
  An ooze (D:4)
  2 adder zombies (D:8)
  An adder skeleton (D:8)
  2 worms
  A dart slug (D:2)
  4 leopard geckos
  75 orcs
  2 bats
  A giant cockroach (D:1)
  15 goblins
  6 hobgoblins
  9 jackals
  3 quokkas
  2 ball pythons
  4 frilled lizards
  16 kobolds
  3 quokka skeletons
  5 rats
484 creatures vanquished.

Vanquished Creatures (collateral kills)
  A draconian annihilator (Abyss:2)
  A worldbinder (Abyss:2)
2 creatures vanquished.

Vanquished Creatures (others)
  A wizard (D:15)
  A jelly (D:12)
  2 starspawn tentacles (Abyss:2)
4 creatures vanquished.

Grand Total: 490 creatures vanquished

Notes
Turn   | Place    | Note
-------+----------+-------------------------------------------
     0 | D:1      | HallandMoats the Minotaur Fighter began the quest for the Orb.
     0 | D:1      | Reached XP level 1. HP: 19/19 MP: 0/0
    92 | D:1      | Reached XP level 2. HP: 26/27 MP: 1/1
   569 | D:2      | Reached XP level 3. HP: 31/33 MP: 2/2
   691 | D:2      | Found a shadowy altar of Dithmenos.
   696 | D:2      | Noticed Robin
   701 | D:2      | Reached skill level 1 in Dodging
   705 | D:2      | Killed Robin
  1523 | D:3      | Reached XP level 4. HP: 41/41 MP: 3/3
  1816 | D:3      | Reached XP level 5. HP: 4/47 MP: 4/4
  2074 | D:3      | Reached skill level 5 in Fighting
  2109 | D:4      | Noticed Sigmund
  2124 | D:4      | Killed Sigmund
  2124 | D:4      | Reached XP level 6. HP: 46/56 MP: 5/5
  2145 | D:4      | Found Xecherch's Antique Armour Shop.
  2291 | D:4      | Found Moyck's Book Shoppe.
  2316 | D:4      | Reached skill level 5 in Armour
  2816 | D:4      | Reached XP level 7. HP: 55/62 MP: 6/6
  2851 | D:4      | Found a snail-covered altar of Cheibriados.
  2861 | D:4      | Became a worshipper of Cheibriados the Contemplative
  2895 | D:4      | Found a hazy altar of Hepliaklqana.
  3010 | D:5      | Entered Level 5 of the Dungeon
  3123 | D:5      | Noticed HallandMoats's ghost (novice GrFi)
  3157 | D:5      | Killed HallandMoats's ghost
  3157 | D:5      | Reached skill level 5 in Axes
  3157 | D:5      | Reached skill level 5 in Shields
  3718 | D:5      | Found an ancient bone altar of Kikubaaqudgha.
  4018 | D:5      | Reached XP level 8. HP: 60/71 MP: 7/7
  4308 | D:4      | Bought a pair of spiked gloves for 237 gold pieces
  4313 | D:4      | Identified the cursed -4 pair of gloves of Zeidomee {MP+9 Str+3 Stlth+} (You bought it in a shop on level 4 of the Dungeon)
  4384 | D:6      | Gained mutation: You are somewhat resistant to further mutation. [mutagenic meat]
  4646 | D:6      | Reached * piety under Cheibriados
  4705 | D:6      | Reached skill level 5 in Dodging
  5093 | D:6      | Reached XP level 9. HP: 48/81 MP: 8/8
  5102 | D:6      | Found Tiheydy's Food Boutique.
  5283 | D:6      | Found an opulent altar of Gozag.
  5319 | D:6      | Found a sparkling altar of Nemelex Xobeh.
  5553 | D:6      | Found a white marble altar of Elyvilon.
  5750 | D:7      | Reached ** piety under Cheibriados
  5918 | D:7      | Found a shadowy altar of Dithmenos.
  6005 | D:7      | Found a stormy altar of Qazlal.
  6120 | D:7      | Reached skill level 1 in Invocations
  6120 | D:7      | Reached skill level 1 in Evocations
  6131 | D:7      | Found a staircase to the Ecumenical Temple.
  6412 | D:7      | Gained mutation: You are partially covered in thin metallic scales. (AC +2) [potion of beneficial mutation]
  6668 | D:8      | Reached *** piety under Cheibriados
  6864 | D:8      | Found a sparkling altar of Nemelex Xobeh.
  6864 | D:8      | Found a faded altar of an unknown god.
  6869 | D:8      | Found a bloodstained altar of Trog.
  6871 | D:8      | Found a deep blue altar of Sif Muna.
  6872 | D:8      | Found a faded altar of an unknown god.
  7087 | D:8      | Got an encrusted mace
  7088 | D:8      | Identified the +6 mace of Reinforcement {protect, Dex+4} (You found it on level 8 of the Dungeon)
  7235 | D:4      | Bought a heavily runed leather armour for 175 gold pieces
  7246 | D:4      | Identified the cursed +0 leather armour of the Final Stars {rElec rCorr SInv Stlth-} (You bought it in a shop on level 4 of the Dungeon)
  7325 | D:8      | Reached XP level 10. HP: 91/91 MP: 10/10
  7458 | D:9      | Reached **** piety under Cheibriados
  7531 | D:9      | Got a bone dagger
  7532 | D:9      | Identified the cursed +0 dagger of the Vendetta {pierce, rN+} (You found it on level 9 of the Dungeon)
  7666 | D:9      | Noticed a two-headed ogre
  7670 | D:9      | Noticed Erica
  7671 | D:9      | Killed a two-headed ogre
  7676 | D:9      | Killed Erica
  7714 | D:9      | Noticed Psyche
  7720 | D:9      | Killed Psyche
  7773 | D:9      | Found a blossoming altar of Fedhas.
  7902 | D:9      | Found a staircase to the Orcish Mines.
  7928 | D:9      | Reached skill level 10 in Fighting
  8328 | D:4      | Bought a bloodstained leather armour for 175 gold pieces
  8328 | D:4      | Identified the cursed +0 leather armour of the Kettle-Drum {MR- Int+6 Slay+2} (You bought it in a shop on level 4 of the Dungeon)
  8445 | D:10     | Entered Level 10 of the Dungeon
  8452 | D:10     | Reached ***** piety under Cheibriados
  8654 | D:10     | Reached XP level 11. HP: 100/100 MP: 12/12
  8724 | D:10     | Noticed Snorg
  8732 | D:10     | Killed Snorg
  8763 | D:10     | Found Zoczocle's Gadget Emporium.
  8772 | D:10     | Found a staircase to the Lair.
  8790 | D:10     | Learned a level 1 spell: Magic Dart
  8800 | D:10     | Killed an unseen horror
  8800 | D:10     | Reached skill level 10 in Axes
  8800 | D:10     | Reached skill level 10 in Armour
  9061 | D:10     | Noticed Sonja
  9070 | D:10     | Killed Sonja
  9205 | D:11     | Noticed an eight-headed hydra
  9210 | D:11     | Killed an eight-headed hydra
  9368 | D:11     | Noticed a two-headed ogre
  9377 | D:11     | Killed a two-headed ogre
  9752 | D:11     | Noticed a two-headed ogre
  9762 | D:11     | Killed a two-headed ogre
 10030 | D:12     | Noticed a green ugly thing
 10032 | D:12     | Noticed a two-headed ogre
 10040 | D:12     | Killed a green ugly thing
 10045 | D:12     | Killed a two-headed ogre
 10045 | D:12     | Reached XP level 12. HP: 84/110 MP: 14/14
 10067 | D:12     | Noticed Azrael
 10092 | D:12     | Killed Azrael
 10092 | D:12     | Reached skill level 10 in Dodging
 10142 | D:12     | Noticed a two-headed ogre
 10152 | D:12     | Killed a two-headed ogre
 10211 | D:12     | Reached skill level 5 in Invocations
 10215 | D:12     | Reached ****** piety under Cheibriados
 10244 | D:12     | Found Eneseq's Food Shop.
 10255 | D:12     | Found Zecovoz's Antique Weapon Emporium.
 10359 | D:12     | Noticed a four-headed hydra
 10364 | D:12     | Killed a four-headed hydra
 10682 | D:13     | Noticed a two-headed ogre
 10696 | D:13     | Killed a two-headed ogre
 10696 | D:13     | Reached skill level 5 in Evocations
 10952 | D:13     | Noticed a centaur warrior
 10957 | D:13     | Killed a centaur warrior
 11394 | D:14     | Noticed a tengu warrior
 11395 | D:14     | Noticed a tengu warrior
 11403 | D:14     | Killed a tengu warrior
 11403 | D:14     | Reached XP level 13. HP: 103/119 MP: 10/16
 11703 | D:14     | Found a gate to the Vaults.
 12112 | D:14     | Found a portal to a secret trove of treasure.
 12390 | D:15     | Entered Level 15 of the Dungeon
 12983 | D:15     | Found Piweog's Armour Boutique.
 13013 | D:15     | Got a brightly glowing short sword
 13014 | D:15     | Identified the +4 short sword of Orharorch {pierce, MR++ MP+9 Str-3} (You found it on level 15 of the Dungeon)
 13068 | D:15     | Reached XP level 14. HP: 25/129 MP: 18/18
 13444 | D:15     | Found a bloodstained altar of Trog.
 13469 | D:15     | Reached skill level 1 in Stealth
 13622 | D:15     | Cast into level 2 of the Abyss (a wizard)
 13731 | Abyss:2  | Noticed a tentacled starspawn
 13742 | Abyss:2  | Killed a tentacled starspawn
 13772 | Abyss:2  | Noticed a green draconian annihilator
 13779 | Abyss:2  | Killed a green draconian annihilator
 13822 | D:15     | Escaped the Abyss
 13834 | D:15     | Paralysed by a wizard for 4 turns
 13837 | D:15     | Slain by an ogre

Vault maps used:
D:1:      dpeg_arrival_round_c
D:2:      nicolae_dithmenos_shadow_blocks, uniq_robin
D:3:      first_bread
D:4:      amethyst_overflow_temple_binary, serial_shops, shop,
          nicolae_shop_crystal, uniq_sigmund
D:5:      basic_altar, hangedman_decor_opposing
D:6:      kennysheep_mini, nicolae_gozag_cash_rules_everything_around_me,
          serial_shops, shop, serial_glass, glass_columns_a, glass_columns_b,
          nemelex_diamond_rough_becter
D:7:      lemuel_coloured_pillars_altar, lemuel_round_altar, moated_statue,
          dk_noncrumbling_2
D:8:      chequers_temple_overflow_minitemple, the_bakery
D:9:      kennysheep_little_box, david_orc_1_choice, uniq_erica, uniq_psyche
D:10:     lair_entry_dummy, serial_shops, shop_fountains,
          eino_small_chamber_without_monster, nrook_mini_backslash,
          grunt_ministairs_10, minmay_misc_feat_tower, serial_park_tiny_2,
          minmay_crystal_water, uniq_sonja, uniq_snorg
D:12:     serial_shops, shop, shop, uniq_azrael
D:14:     david_vaults_4, serial_park_tiny_1, enter_trove_5
D:15:     grunt_enter_depths_magical_seal, serial_shops, shop, trog_wizard

Skill      XL: |  1  2  3  4  5  6  7  8  9 10 11 12 13 14 |
---------------+-------------------------------------------+-----
Fighting       | 4 5 6 7 9 10 11 12 13 | 13.9
Axes           | 3 4 5 7 8 9 11 12 13 | 13.6
Dodging        | 1 2 3 4 5 7 8 9 10 12 | 12.3
Armour         | 4 5 6 7 8 9 11 12 13 | 13.5
Shields        | 4 5 6 |  6.1
Invocations    | 2 3 4 5 6 7 |  7.1
Evocations     | 2 3 4 5 6 |  6.6
Stealth        | 2 |  2.6

Action                   |  1- 3 |  4- 6 |  7- 9 | 10-12 | 13-15 || total
-------------------------+-------+-------+-------+-------+-------++-------
Melee: War axe           |    57 |    87 |   109 |       |       ||   253
       Headbutt          |     4 |    18 |    65 |   171 |   103 ||   361
       Broad axe         |       |       |   116 |       |       ||   116
       Mace              |       |       |     5 |   448 |   253 ||   706
Invok: Slouch            |       |       |       |     3 |    13 ||    16
       Temporal Distorti |       |       |       |     1 |       ||     1
Evoke: Box of beasts     |       |       |       |       |     1 ||     1
  Use: Potion            |       |     2 |     7 |       |     1 ||    10
       Scroll            |       |       |     8 |    11 |     2 ||    21
 Stab: Invisible         |       |       |       |     1 |       ||     1
       Sleeping          |       |       |       |    11 |     2 ||    13
       Distracted        |       |       |       |     1 |     1 ||     2
  Eat: Fruit             |     1 |       |     9 |       |     4 ||    14
       Chunk             |       |     4 |     7 |    10 |     2 ||    23
       Pizza             |       |       |     1 |       |       ||     1
Armor: Scale mail        |    33 |    36 |    25 |       |       ||    94
       Leather armour    |       |       |    39 |    74 |    68 ||   181
Dodge: Dodged            |    29 |    36 |   156 |   362 |   314 ||   897
Block: Shield            |    37 |    48 |   144 |   367 |   231 ||   827
